 Dungeon Crawl Stone Soup version 0.26-a0-651-gb41185065b (webtiles) character file.

Game seed: 2751758552593258497

64323 TheJester the Warrior (level 14, -16/208 HPs)
             Began as a Minotaur Berserker on Sept 29, 2020.
             Was a High Priest of Trog.
             Shot with a bolt by a naga sharpshooter (17 damage)
             ... led by Vashnia
             ... on level 2 of the Snake Pit on Sept 30, 2020.
             The game lasted 01:01:22 (24224 turns).

TheJester the Warrior (Minotaur Berserker)         Turns: 24224, Time: 01:01:23

Health: -16/208    AC: 23    Str: 27    XL:     14   Next: 71%
Magic:  0/13       EV: 11    Int:  6    God:    Trog [*****.]
Gold:   1052       SH:  0    Dex: 12    Spells: 13/13 levels left

rFire    . . .     SeeInvis .   X - +3 battleaxe (flame)
rCold    . . .     Faith    .   (shield currently unavailable)
rNeg     . . .     Spirit   +   S - +4 scale mail {rPois}
rPois    +         Reflect  .   (helmet restricted)
rElec    .         Harm     .   s - +2 cloak
rCorr    .         Rampage  .   c - +2 pair of gloves
MR       +....                  L - +0 pair of boots {run}
Stlth    ..........             z - amulet of guardian spirit
HPRegen  0.44/turn              y - ring of poison resistance
MPRegen  0.13/turn              (no ring)

@: berserking, lethally poisoned (-16 -> -18), very quick
A: retaliatory headbutt, horns 2, rugged brown scales 1, agile 1, clever 1
a: Berserk, Trog's Hand, Brothers in Arms, Renounce Religion


You were on level 2 of the Snake Pit.
You worshipped Trog.
Trog was extremely pleased with you.
You visited 3 branches of the dungeon, and saw 18 of its levels.
You also visited: Sewer.

You collected 1442 gold pieces.
You spent 390 gold pieces at shops.

Inventory:

Hand Weapons
 A - a +3 battleaxe
 X - a +3 battleaxe of flaming (weapon)
Missiles
 b - 7 atropa-tipped darts
 g - 70 poisoned darts
 i - 532 stones (quivered)
 Q - 12 javelins
Armour
 c - a +2 pair of gloves (worn)
 r - a +0 kite shield
 s - a +2 cloak (worn)
 L - a +0 pair of boots of running (worn)
 S - a +4 scale mail of poison resistance (worn)
Jewellery
 y - a ring of poison resistance (left hand)
 z - an amulet of guardian spirit (around neck)
 F - an uncursed ring of see invisible {unknown}
 R - an uncursed amulet of magic regeneration
 W - an uncursed ring of positive energy
Wands
 k - a wand of enslavement (5)
 p - a wand of flame (13)
 t - a wand of digging (8)
 E - a wand of random effects (21)
 I - a wand of iceblast (7)
 K - a wand of acid (11)
 U - a wand of polymorph (20)
 V - a wand of paralysis (18)
Scrolls
 a - a scroll of vulnerability
 d - 6 scrolls of remove curse
 n - a scroll of summoning
 o - 14 scrolls of teleportation
 w - 3 scrolls of magic mapping
 x - 7 scrolls of amnesia
 G - a scroll of enchant armour
 H - a scroll of holy word {unknown}
 N - 2 scrolls of immolation
 O - a scroll of random uselessness
 P - 2 scrolls of identify
 T - 2 scrolls of enchant weapon
Potions
 e - 2 potions of magic
 f - 3 potions of might
 h - 5 potions of brilliance
 j - 2 potions of berserk rage
 l - 11 potions of curing
 m - 2 potions of haste
 q - 2 potions of heal wounds
 u - 6 potions of invisibility
 v - 4 potions of stabbing
 B - a potion of cancellation
 C - 3 potions of mutation
 M - 3 potions of lignification
Miscellaneous
 D - a phantom mirror


   Skills:
 + Level 15.4 Fighting
 + Level 15.3 Axes
 + Level 10.1 Throwing
 - Level 14.0 Armour
 - Level 2.6 Dodging
 + Level 8.3 Shields
 - Level 7.3 Evocations


You had 13 spell levels left.
You didn't know any spells.
Your spell library was empty.

Dungeon Overview and Level Annotations

Branches:
Dungeon (10/15)            Temple (0/1) D:4            Lair (6/6) D:10
 Shoals (0/4) Lair:3        Snake (2/4) Lair:3        Sewer (visited)
  Slime: Lair:5-6       Orc: D:9-12

Altars:
Cheibriados
Elyvilon
Fedhas
Makhleb
Nemelex Xobeh
Okawaru
Qazlal
Ru
Uskayaw
Vehumet
Zin
The Shining One

Shops:
Snake:1 *?=*

Portals:
Hell: Lair:6

Annotations:
D:6 3 runed translucent doors, Migumi's ghost, novice TrTm
Lair:6 2 runed translucent doors, Megalobster's ghost, journeyman MiBe
Snake:2 Vashnia


Innate Abilities, Weirdness & Mutations

You reflexively headbutt those who attack you in melee.
You have a pair of horns on your head.
You are partially covered in rugged brown scales. (AC +1, +3% HP)
You are agile. (Dex +2)
Your mind is acute. (Int +2)


Message History

a +0 shortbow; a +0 war axe; a naga corpse You slice the naga sharpshooter!!
You burn the naga sharpshooter!
Your headbutt misses the naga sharpshooter.
The naga sharpshooter is heavily wounded.
The naga sharpshooter mumbles some strange words.
The naga sharpshooter magically shoots a bolt.
The bolt hits you!!
* * * LOW HITPOINT WARNING * * *
The naga sharpshooter shoots an arrow.
The arrow hits you.
* * * LOW HITPOINT WARNING * * *
You are too berserk!
You closely miss the naga sharpshooter.
Your headbutt misses the naga sharpshooter.
The naga sharpshooter is heavily wounded.
* * * LOW HITPOINT WARNING * * *
You feel sick.
The naga sharpshooter casts a spell.
The naga sharpshooter magically shoots a bolt.
The bolt hits you!
You die...

#.............##..)...#
......#.....#.#..(....#
......## .###....(..(.#
.......# ..#(...(...(#
.<......# ##.....(....#
......... #...........#
......... #......(....#
####...## ####...(...##
#...# ###@)).## ###...#
#N.### ##....... ..N#
....... .##.. .......
.# ##.. ....... .# ..#
....... ## ... .......
...# .......


You could see 2 naga sharpshooters.

Vanquished Creatures
  Aizul (Snake:2)
  A hell beast (Lair:6)
  2 naga warriors (Snake:1)
  5 hydras
  3 anacondas
  11 death yaks (Lair:6)
  5 naga sharpshooters
  A two-headed ogre (D:9)
  Urug (Lair:3)
  A shock serpent (Snake:2)
  A wizard (Lair:6)
  A naga ritualist (Snake:2)
  Pikel (D:6)
  A lindwurm (Lair:6)
  A mana viper (Snake:2)
  A manticore (Lair:3)
  2 salamanders
  16 black mambas
  10 elephants (Lair:6)
  7 naga magi
  A molten gargoyle (Lair:1)
  3 orange demons (Lair:6)
  13 cane toads
  3 komodo dragons
  6 rime drakes
  An ice devil (Lair:6)
  A hellwing (Lair:6)
  3 polar bears
  2 red devils (Lair:6)
  2 trolls (D:10)
  Grinder (D:3)
  12 blink frogs
  5 hippogriffs
  Prince Ribbit (D:6)
  7 dream sheep (Lair:5)
  A shadow (D:10)
  3 wyverns
  2 wraiths (D:10)
  23 yaks
  A basilisk (Lair:1)
  2 vampire mosquitoes (D:9)
  7 nagas
  17 water moccasins
  4 hell hounds (Lair:6)
  7 porcupines
  2 ice beasts
  3 orc warriors
  Purgy (Sewer)
  3 black bears
  5 sky beasts
  4 ogres
  A phantom (D:5)
  15 wolves
  2 centaurs
  11 crocodiles
  4 big kobolds
  15 bullfrogs
  A gnoll sergeant (D:9)
  A wyvern skeleton (D:10)
  A water moccasin zombie (D:7)
  2 scorpions
  5 killer bees (D:9)
  10 wights
  2 electric eels
  A bullfrog zombie (D:5)
  5 howler monkeys
  9 hounds
  A jelly (D:9)
  A quasit (D:9)
  2 bullfrog skeletons
  3 orc priests
  Terence (D:3)
  4 iguanas
  7 orc wizards
  5 worker ants
  A hound zombie (D:7)
  A howler monkey zombie (D:10)
  A worker ant zombie (D:6)
  7 gnolls
  4 adders
  4 white imps
  3 ufetubi (D:7)
  An ooze (D:1)
  An adder zombie (D:5)
  3 worms
  A dart slug (D:3)
  11 leopard geckos
  32 orcs
  6 giant cockroaches
  10 goblins
  6 hobgoblins
  15 jackals
  6 quokkas
  A ball python (D:6)
  11 bats
  10 frilled lizards
  29 kobolds
  A leopard gecko skeleton (D:4)
  5 rats
  A rat zombie (D:5)
498 creatures vanquished.

Vanquished Creatures (others)
  17 fungi
  24 plants
41 creatures vanquished.

Grand Total: 539 creatures vanquished

Notes
Turn   | Place    | Note
-------+----------+-------------------------------------------
     0 | D:1      | TheJester the Minotaur Berserker began the quest for the
                  | Orb.
     0 | D:1      | Reached XP level 1. HP: 19/19 MP: 0/0
   269 | D:1      | Reached XP level 2. HP: 27/27 MP: 1/1
   814 | D:2      | Found a hide-covered altar of Uskayaw.
   819 | D:2      | Reached ** piety under Trog
   819 | D:2      | Reached XP level 3. HP: 33/33 MP: 2/2
  1531 | D:2      | Found an iron altar of Okawaru.
  1531 | D:2      | Found a blossoming altar of Fedhas.
  1531 | D:2      | Found a glowing silver altar of Zin.
  1843 | D:3      | Reached XP level 4. HP: 29/41 MP: 3/3
  2020 | D:3      | Noticed Grinder
  2048 | D:3      | Paralysed by Grinder for 4 turns
  2055 | D:3      | HP: 2/41 [Grinder (2)]
  2056 | D:3      | Killed Grinder
  2056 | D:3      | Reached skill level 5 in Fighting
  2056 | D:3      | Reached skill level 5 in Axes
  2056 | D:3      | Reached skill level 5 in Armour
  2056 | D:3      | Reached XP level 5. HP: 3/48 MP: 4/4
  2056 | D:3      | Reached XP level 6. HP: 3/56 MP: 5/5
  2709 | D:3      | Reached *** piety under Trog
  2903 | D:3      | Noticed Terence
  2921 | D:3      | Killed Terence
  3694 | D:4      | Reached skill level 1 in Evocations
  3715 | D:4      | Reached XP level 7. HP: 19/61 MP: 6/6
  3899 | D:4      | Found a glowing drain.
  3925 | Sewer    | Entered a sewer
  4029 | Sewer    | Noticed Purgy
  4036 | Sewer    | Killed Purgy
  4323 | D:4      | Found a sparkling altar of Nemelex Xobeh.
  4508 | D:4      | Found a staircase to the Ecumenical Temple.
  4609 | D:5      | Entered Level 5 of the Dungeon
  4634 | D:5      | Found a burning altar of Makhleb.
  4655 | D:5      | Found a snail-covered altar of Cheibriados.
  4916 | D:5      | Reached **** piety under Trog
  4966 | D:5      | Reached XP level 8. HP: 28/71 MP: 7/7
  5917 | D:6      | Noticed Prince Ribbit
  5931 | D:6      | Killed Prince Ribbit
  6252 | D:6      | Found a runed translucent gate.
  6269 | D:6      | Found a runed translucent gate.
  6272 | D:6      | Found a runed translucent gate.
  6347 | D:6      | Noticed Migumi's ghost (novice TrTm)
  6395 | D:6      | Noticed Pikel
  6421 | D:6      | Killed Pikel
  6421 | D:6      | Reached XP level 9. HP: 41/79 MP: 8/8
  7189 | D:7      | Found a radiant altar of Vehumet.
  7231 | D:7      | Reached skill level 10 in Armour
  7673 | D:7      | Found a sacrificial altar of Ru.
  7774 | D:8      | Reached ***** piety under Trog
  8391 | D:8      | Reached skill level 5 in Evocations
  8759 | D:9      | Reached XP level 10. HP: 90/90 MP: 9/9
  9229 | D:9      | Found a glowing golden altar of the Shining One.
  9354 | D:9      | Found a stormy altar of Qazlal.
  9928 | D:9      | Noticed a two-headed ogre
  9936 | D:9      | Killed a two-headed ogre
  9996 | D:9      | Identified a scroll of acquirement
  9996 | D:9      | Acquired a +0 pair of boots of running
 10051 | D:10     | Entered Level 10 of the Dungeon
 10582 | D:10     | Reached XP level 11. HP: 91/99 MP: 10/10
 10588 | D:10     | Reached skill level 10 in Axes
 10597 | D:10     | Reached ****** piety under Trog
 10597 | D:10     | Reached skill level 10 in Fighting
 11135 | D:10     | Found a staircase to the Lair.
 11768 | Lair:1   | Entered Level 1 of the Lair of Beasts
 13700 | Lair:2   | Received a gift from Trog
 13770 | Lair:3   | Noticed Urug
 14101 | Lair:3   | Killed Urug
 14299 | Lair:3   | Reached skill level 1 in Throwing
 14511 | Lair:3   | Found a staircase to the Shoals.
 14907 | Lair:3   | Found a staircase to the Snake Pit.
 14941 | Lair:3   | Noticed a four-headed hydra
 14948 | Lair:3   | Killed a four-headed hydra
 15076 | Lair:3   | Reached XP level 12. HP: 106/110 MP: 11/11
 15951 | Lair:4   | Found a gate leading to a gauntlet.
 16540 | Lair:4   | Gained mutation: You are agile. (Dex +2) [potion of
                  | mutation]
 16540 | Lair:4   | Gained mutation: You are partially covered in rugged brown
                  | scales. (AC +1, +3% HP) [potion of mutation]
 16540 | Lair:4   | Gained mutation: Your mind is acute. (Int +2) [potion of
                  | mutation]
 16801 | Lair:5   | Reached skill level 5 in Throwing
 17015 | Lair:5   | You fall into a shaft and drop 1 floor!
 17015 | Lair:6   | Entered Level 6 of the Lair of Beasts
 17201 | Lair:6   | Noticed an eight-headed hydra
 17212 | Lair:6   | Killed an eight-headed hydra
 17312 | Lair:6   | Found a white marble altar of Elyvilon.
 17477 | Lair:6   | Noticed a death yak
 17484 | Lair:6   | Noticed a death yak
 17485 | Lair:6   | Noticed a death yak
 17485 | Lair:6   | Noticed a death yak
 17486 | Lair:6   | Noticed a death yak
 17490 | Lair:6   | Killed a death yak
 17496 | Lair:6   | Killed a death yak
 17497 | Lair:6   | Killed a death yak
 17497 | Lair:6   | Reached XP level 13. HP: 69/125 MP: 12/12
 17693 | Lair:6   | Received a gift from Trog
 17961 | Lair:6   | Reached skill level 1 in Shields
 18571 | Lair:6   | Found a large runed translucent door.
 18572 | Lair:6   | Found a large runed translucent door.
 18584 | Lair:6   | Noticed Megalobster's ghost (journeyman MiBe)
 18964 | Lair:6   | Found a burning altar of Makhleb.
 18982 | Lair:6   | Reached skill level 5 in Shields
 18993 | Lair:6   | HP: 1/128 [hell hound (7)]
 19338 | Lair:6   | Found a gateway to Hell.
 19469 | Lair:6   | Reached XP level 14. HP: 123/136 MP: 13/13
 19470 | Lair:6   | Received a gift from Trog
 20092 | Snake:1  | Entered Level 1 of the Snake Pit
 20092 | Snake:1  | Found Toblea Ymyp's Magic Scroll Shoppe.
 20094 | Snake:1  | Found Muufrev's Jewellery Emporium.
 20110 | Snake:1  | Found Xukkeck's General Store.
 20117 | Snake:1  | Bought an uncursed amulet of guardian spirit for 390 gold
                  | pieces
 21827 | Snake:1  | Found Mereh's General Store.
 22633 | Snake:2  | Reached skill level 15 in Fighting
 22635 | Snake:2  | Reached skill level 15 in Axes
 23059 | Snake:2  | Noticed Aizul
 23088 | Snake:2  | Killed Aizul
 23646 | Snake:2  | Reached skill level 10 in Throwing
 24203 | Snake:2  | Noticed Vashnia
 24223 | Snake:2  | HP: 5/208 [naga sharpshooter/bolt[Vashnia] (21)]
 24223 | Snake:2  | HP: 2/208 [naga sharpshooter/arrow[Vashnia] (3)]
 24224 | Snake:2  | Shot with a bolt by a naga sharpshooter

Illustrated notes

Levels and vault maps discovered:
D:1:      ncdulo_watergridlock, layout_loops_ring
D:2:      layout_basic, eat_drink_and_be_merry_uskayaw,
          gammafunk_temple_overflow_claw
D:3:      layout_loops_cross, serial_bayou_lake_a, uniq_grinder, uniq_terence
D:4:      layout_rooms, nemelex_xobeh_ov_fountains_minmay,
          minmay_temple_entry_butterflies, gup_sewer_entry_pipe
D:5:      layout_loops_cross, lemuel_round_altar, enter_ossuary_3,
          lemuel_tele_altar
D:6:      layout_rooms, gammafunk_ghost_necromancy, kennysheep_generic_room_10,
          uniq_prince_ribbit1, uniq_pikel
D:7:      layout_cave_pools, nicolae_ru_path_of_blood, vehumet_altar_wand_db,
          minivault_1, chequers_hall_statues_y
D:8:      layout_loops_ring, kennysheep_another_room
D:9:      layout_rooms, nicolae_qazlal_general_emergency, tso_metal_star,
          grunt_ministairs_3
D:10:     layout_roguey, erik_lair_island
Lair:1:   layout_gridlike
Lair:2:   layout_roguey
Lair:3:   layout_regular_city, minmay_shoals_entry_beasts,
          guppyfry_snake_entry_island, chequers_serial_rivers_micro_d,
          minivault_19, uniq_urug
Lair:4:   layout_regular_city, gauntlet_entry_generic,
          chequers_serial_rivers_micro_a, serial_bayou_shore_b,
          infiniplex_staircase_pool_2, grunt_megastairs_3
Lair:5:   layout_regular_city, slime_altar_1, eino_house_with_fridge
Lair:6:   evil_forest, layout_regular_city, ebering_ghost_disaster_area,
          basic_altar, serial_bayou_shore_b
Snake:1:  layout_chambers, serial_shops, shop, minmay_shop_star
Snake:2:  layout_chambers, uniq_vashnia, uniq_aizul

Skill      XL: |  1  2  3  4  5  6  7  8  9 10 11 12 13 14 |
---------------+-------------------------------------------+-----
Axes           | 4 5 6 7 8 9 11 13 14 15 | 15.3
Fighting       | 4 5 6 7 8 9 11 13 14 15 | 15.4
Armour         | 3 5 6 7 9 11 12 14 | 14.0
Evocations     | 1 2 4 5 6 7 |  7.3
Throwing       | 2 6 8 10 | 10.1
Shields        | 5 8 |  8.3
Dodging        | |  2.6

Action                   |  1- 3 |  4- 6 |  7- 9 | 10-12 | 13-15 || total
-------------------------+-------+-------+-------+-------+-------++-------
Melee: Hand axe          |    91 |    96 |   310 |       |       ||   497
       Headbutt          |    13 |    17 |    80 |    79 |   105 ||   294
       Battleaxe         |       |       |    79 |   477 |   374 ||   930
Throw: Stone             |    57 |    56 |   147 |   373 |   245 ||   878
Invok: Berserk           |       |       |     3 |     4 |     4 ||    11
       Trog's Hand       |       |       |     1 |       |       ||     1
Evoke: Wand              |       |       |       |     8 |    11 ||    19
  Use: Scroll            |     2 |     3 |    12 |    14 |     4 ||    35
       Potion            |       |     1 |       |     3 |     6 ||    10
 Stab: Paralysed         |       |       |       |       |     2 ||     2
Armor: Animal skin       |    11 |       |       |       |       ||    11
       Ring mail         |    25 |    28 |   144 |   169 |       ||   366
       Scale mail        |       |       |       |   142 |   248 ||   390
Dodge: Dodged            |    69 |    43 |   205 |   355 |   258 ||   930

Table legend: (Time is in decaauts)
 A = Elapsed time spent in this place.
 B = Non-inter-level travel time spent in this place.
 C = Inter-level travel time spent in this place.
 D = Time resting spent in this place.
 E = Time spent auto-exploring this place.
 F = Levels seen in this place.
 G = Mean time per level.
                   A        B        C        D        E       F      G
               +--------+--------+--------+--------+--------+-----+--------+
         Total |  23926 |  23355 |    571 |   4019 |  15638 |  19 | 1259.3 |
       Dungeon |  11674 |  11406 |    268 |   2087 |   7260 |  10 | 1167.4 |
          Lair |   8051 |   7781 |    270 |   1366 |   5233 |   6 | 1341.8 |
     Snake Pit |   3936 |   3904 |     32 |    464 |   3038 |   2 | 1968.0 |
         Sewer |    264 |    264 |      0 |    101 |    107 |   1 |  264.0 |
               +--------+--------+--------+--------+--------+-----+--------+

Top non-repeatable levels by time:
  Lair:6: 2881 daAuts
 Snake:1: 2261 daAuts
     D:3: 1974 daAuts
 Snake:2: 1674 daAuts
    D:10: 1669 daAuts
  Lair:1: 1655 daAuts
  Lair:3: 1414 daAuts
     D:9: 1384 daAuts
     D:5: 1311 daAuts
  Lair:4: 1031 daAuts
     D:8: 1017 daAuts
     D:2: 979 daAuts
     D:7: 946 daAuts
     D:6: 929 daAuts
     D:1: 744 daAuts
